Map: Acid Plant LE

Players

llllllllllll

  • Race: Zerg Zerg
  • League: Master
  • Spawn Location: 5:00

Tesla (Rob) - Winner!

  • Race: Protoss Protoss
  • League: Grandmaster
  • Spawn Location: 11:00

VOD

Have the link to the VOD?

Description

Tesla's Adept Timing

Time

  • Played on: April 7, 2018, 8:55 p.m.
  • Length: 6:43
Show
View Real Time Build Order
Export as new Build Order

llllllllllll Zerg 

Build Orders: Hatch First 

Get SALT Encoding   

  12  0:00  Drone  
  13  0:12  Overlord  
  13  0:16  Drone  
  14  0:22  Extractor  
  14  0:23  Drone  
  15  0:30  Drone  
  16  0:49  Hatchery  
  15  0:51  Drone  
  15  0:56  Drone  
  17  1:09  Spawning Pool  
  16  1:12  Extractor  
  16  1:15  Drone  
  16  1:18  Drone  
  16  1:22  Drone  
  18  1:28  Drone  
  19  1:38  Overlord  
  19  1:56  Queen  
  19  1:58  Zergling x2  
  19  2:00  Queen  
  19  2:01  Zergling x2  
  25  2:02  Zergling x2  
  26  2:12  Drone x2  
  28  2:21  Metabolic Boost  
  28  2:23  Drone x2  
  30  2:36  Queen  
  32  2:47  Zergling x2  
  32  2:49  Hatchery  
  32  2:50  Drone  
  33  2:53  Drone  
  33  2:56  Drone  
  34  2:59  Drone  
  34  3:01  Drone  
  34  3:05  Overlord  
  34  3:20  Zergling x2  
  34  3:23  Queen, Drone  
  34  3:24  Drone x4  
  34  3:27  Drone  
  43  3:38  Spore Crawler  
  43  3:39  Spore Crawler  
  41  3:42  Overlord  
  41  3:43  Drone x2  
  43  3:57  Overlord x2, Lair  
  43  3:58  Overlord  
  43  4:04  Extractor  
  43  4:05  Drone x2  
  43  4:06  Extractor  
  43  4:22  Drone x5, Roach Warren  
  43  4:23  Drone x2  
  49  4:27  Drone x2  
  51  4:33  Drone  
  51  4:35  Drone x2  
  51  4:36  Drone  
  55  4:42  Drone  
  56  4:47  Drone x3  
  59  4:53  Spore Crawler  
  59  4:55  Drone x4  
  62  5:03  Glial Reconstitution  
  62  5:04  Overlord  
  62  5:05  Overlord  
  62  5:13  Overlord  
  62  5:14  Overlord x2  
  62  5:17  Roach  
  66  5:21  Roach  
  66  5:23  Roach x2  
  66  5:24  Roach  
  66  5:26  Roach  
  74  5:29  Roach  
  74  5:30  Roach  
  74  5:32  Roach  
  74  5:34  Roach  
  82  5:36  Roach  
  82  5:38  Roach  
  82  5:41  Roach  
  82  5:42  Roach  
  90  5:44  Roach  
  90  5:45  Roach  
  90  5:47  Roach  
  95  5:52  Roach x2  
  95  5:53  Roach  
  95  5:55  Roach  
  95  5:56  Roach  
  100  5:58  Roach  
  100  6:01  Roach  
  98  6:05  Roach x2  
  98  6:08  Roach  
  89  6:12  Roach  
  89  6:13  Roach  
  89  6:17  Roach  
  82  6:20  Roach  
  82  6:23  Roach  
  82  6:25  Overlord  
Show
View Real Time Build Order
Export as new Build Order

Tesla Protoss - Winner!

Build Orders: 1 Gate Expand, Phoenix Opening 

Get SALT Encoding   

  12  0:00  Probe  
  13  0:12  Probe  
  14  0:21  Pylon  
  14  0:25  Probe  
  15  0:39  Probe (Chrono Boost)  
  16  0:43  Gateway  
  16  0:49  Probe (Chrono Boost)  
  17  0:51  Assimilator  
  17  0:54  Probe (Chrono Boost)  
  18  1:06  Probe  
  19  1:22  Nexus  
  19  1:32  Cybernetics Core  
  19  1:35  Probe (Chrono Boost)  
  20  1:41  Assimilator  
  20  1:45  Probe (Chrono Boost)  
  21  1:50  Probe (Chrono Boost)  
  21  1:54  Pylon  
  22  2:02  Probe  
  23  2:09  Warp Gate  
  23  2:10  Adept (Chrono Boost)  
  23  2:14  Probe  
  25  2:28  Probe (Chrono Boost)  
  26  2:34  Probe (Chrono Boost)  
  27  2:37  Stargate  
  27  2:39  Adept  
  27  2:43  Probe x2 (Chrono Boost)  
  31  2:50  Probe x2  
  33  3:02  Probe x2  
  35  3:08  Twilight Council  
  35  3:11  Adept  
  37  3:14  Probe x2  
  39  3:23  Phoenix  
  39  3:26  Probe x2  
  43  3:30  Forge  
  43  3:38  Resonating Glaives (Chrono Boost), Probe x2  
  45  3:43  Pylon  
  45  3:50  Probe  
  45  3:52  Gateway x2  
  46  4:00  Protoss Ground Weapons Level 1 (Chrono Boost)  
  47  4:02  Probe  
  47  4:03  Assimilator, Probe  
  47  4:08  Pylon  
  48  4:19  Adept  
  48  4:20  Probe  
  49  4:27  Gateway x2  
  49  4:31  Gateway  
  49  4:33  Gateway  
  49  4:36  Gateway  
  49  4:40  Adept  
  49  4:45  Pylon  
  51  4:51  Adept  
  51  4:52  Adept  
  55  4:55  Pylon, Probe  
  56  5:02  Adept  
  58  5:07  Pylon  
  58  5:12  Adept x2  
  62  5:17  Pylon  
  62  5:27  Adept x4  
  70  5:29  Adept  
  72  5:36  Adept x2  
  72  5:39  Pylon  
  76  5:57  Adept x6  
  86  6:18  Adept x6  
  94  6:25  Adept  
Tags
 
Add a new tag
Caveats
  • Supply blocks, unpowered buildings, or Contaminate may cause inaccurate times.
  • Supply counts are checked every 10 seconds.